 Dungeon Crawl Stone Soup version 0.23-a0-141-g456867d (webtiles) character file.

43 RoseArtemis the Shooter (level 3, -16/30 HPs)
             Began as a Centaur Hunter on Aug 31, 2018.
             Demolished by an orc warrior
             ... wielding a +0 scimitar
              (20 damage)
             ... on level 2 of the Dungeon.
             The game lasted 00:04:23 (1065 turns).

RoseArtemis the Shooter (Centaur Hunter)            Turns: 1065, Time: 00:04:23

Health: -16/30     AC:  4    Str: 14    XL:     3   Next: 37%
Magic:  3/3        EV:  9    Int: 10    God:
Gold:   34         SH:  0    Dex: 10    Spells: 2/2 levels left

rFire    . . .     SeeInvis .   a - +1 shortbow
rCold    . . .     Gourm    .   (shield currently unavailable)
rNeg     . . .     Faith    .   c - +0 leather armour
rPois    .         Spirit   .   (no helmet)
rElec    .         Reflect  .   (no cloak)
rCorr    .         Harm     .   (no gloves)
MR       .....                  (no barding)
Stlth    +.........             (no amulet)
HPRegen  0.10/turn              (no ring)
MPRegen  0.08/turn              (no ring)

@: very quick
A: large, hooves 3, deformed body, speed 2, tough skin 3
a: no special abilities


You were on level 2 of the Dungeon.
You were not hungry.

You visited 1 branch of the dungeon, and saw 2 of its levels.

You collected 34 gold pieces.

Inventory:

Hand Weapons
 a - a +1 shortbow (weapon)
 b - a +0 short sword
 i - a cursed -1 dagger
Missiles
 d - 3 arrows (quivered)
Armour
 c - a +0 leather armour (worn)
Jewellery
 j - a +4 amulet of reflection {unknown}
Scrolls
 h - a scroll of fear {unknown}
Potions
 e - a potion of heal wounds {unknown}
 k - a potion of agility {unknown}
 l - a potion of brilliance {unknown}
Comestibles
 f - a ration
 g - 3 chunks of flesh


   Skills:
 + Level 2.5 Fighting
 + Level 5.7 Bows
 + Level 1.8 Dodging
 + Level 1.1 Stealth


You had 2 spell levels left.
You didn't know any spells.
Your spell library was empty.

Dungeon Overview and Level Annotations

Branches:
Dungeon (2/15)

Altars:
Qazlal


Innate Abilities, Weirdness & Mutations

You have hooves in place of feet.
Armour fits poorly on your strangely shaped body.
You cover ground very quickly.
You have extremely tough skin. (AC +3)


Message History

You shoot an arrow. The arrow hits the orc warrior!
The orc warrior is moderately wounded.
The orc warrior hits you with a scimitar!
* * * LOW HITPOINT WARNING * * *
Okay, then.
Okay, then.
Firing (i - inventory)
d - 5 arrows (quivered)
Press: ? - help, Shift-Dir - straight line, f/p - orc warrior
Aim: an orc warrior, wielding a scimitar and wearing a chain mail (moderately You shoot an arrow.
The arrow barely misses the orc warrior.
The orc warrior completely misses you.
Firing (i - inventory)
d - 4 arrows (quivered)
Press: ? - help, Shift-Dir - straight line, f/p - orc warrior
Aim: an orc warrior, wielding a scimitar and wearing a chain mail (moderately You shoot an arrow.
The arrow closely misses the orc warrior.
The orc warrior hits you with a scimitar!!
Ouch! That really hurt!
You die...

### ## ##.######## .#
##.........#
.######......###.#
......##.....# #@#
.###.........###o####### .#
##.##.....##.(o..oo.# ##
####.....##..#####.#
##+#####..# .# # ##...##
#..#####.## #
##.....###.(........≈≈ ##
##.......##.##...#.#..≈
.####.........#.##...#.#.#.


You could see an orc warrior and an orc.

Vanquished Creatures
  An ooze (D:1)
  An adder zombie (D:2)
  A dart slug (D:1)
  3 leopard geckos (D:1)
  An orc (D:2)
  4 bats (D:1)
  6 goblins (D:1)
  2 hobgoblins
  2 kobolds (D:1)
  3 frilled lizards (D:1)
  4 rats
28 creatures vanquished.

Notes
Turn   | Place    | Note
-------+----------+-------------------------------------------
     0 | D:1      | RoseArtemis the Centaur Hunter began the quest for the Orb.
     0 | D:1      | Reached XP level 1. HP: 17/17 MP: 1/1
   359 | D:1      | Reached XP level 2. HP: 24/24 MP: 2/2
   600 | D:1      | Reached skill level 1 in Stealth
   697 | D:1      | Reached XP level 3. HP: 30/30 MP: 3/3
  1012 | D:2      | Found a stormy altar of Qazlal.
  1052 | D:2      | Noticed an orc warrior
  1065 | D:2      | Demolished by an orc warrior

Vault maps used:
D:1:      matt_arrival_los_fun
D:2:      kennysheep_slug_shrine, grunt_qazlal_clouds

Skill      XL: |  1  2 |
---------------+-------+-----
Stealth        | 1 |  1.1
Fighting       | |  2.5
Bows           | |  5.7
Dodging        | |  1.8

Action                   || total
-------------------------++-------
 Fire: Shortbow          ||    82
Armor: Leather armour    ||     6
Dodge: Dodged            ||     3

Table legend:
 A = Non-vault XP
 B = Vault XP
 C = Vault XP percentage of total XP
 D = Non-vault monster count
 E = Vault monster count
 F = Vault count percentage of total count
                 A         B        C        D         E       F
            +---------+---------+-------+---------+---------+-------
      Total |      62 |       0 |   0.0 |      28 |       0 |   0.0
            +---------+---------+-------+---------+---------+-------
        D:1 |      50 |       0 |   0.0 |      24 |       0 |   0.0
        D:2 |      12 |       0 |   0.0 |       4 |       0 |   0.0
            +---------+---------+-------+---------+---------+-------
